PL
BUCKHEAD BOWTIES @ VANCOUVER GREY WOLVES
08/16/2024
 
TOP OF THE 1ST
Buckhead Bowties batting - Pitching for Vancouver Grey Wolves : RHP George Frazier
Pitching: RHP George Frazier
Batting: RHB Enrique Marroquín 0-0: Ball
1-0: Ground out 5-3 (Groundball, 56S)
Batting: LHB Neil Lawson 0-0: Ball
1-0: Fly out, F7 (Flyball, 7M)
Batting: RHB Mike Brown 0-0: Called Strike
0-1: Called Strike
0-2: Ball
1-2: Foul Ball, location: 2F
1-2: Ball
2-2: Strikes out looking
Top of the 1st over - 0 run(s), 0 hit(s), 0 error(s), 0 left on base; Buckhead 0 - Vancouver 0
BOTTOM OF THE 1ST
Vancouver Grey Wolves batting - Pitching for Buckhead Bowties : LHP Manuel Rojas
Pitching: LHP Manuel Rojas
Batting: SHB Gregg Wagner 0-0: Foul Ball, location: 2F
0-1: SOLO HOME RUN (Flyball, 7D), Distance : 345 ft
Batting: LHB Héctor Cortéz 0-0: DOUBLE (Line Drive, 9LD)
Batting: RHB Enrique Fuentes 0-0: Ball
1-0: Ball
2-0: Ball
3-0: Base on Balls
Batting: LHB José Alonso 0-0: Ball
1-0: Fly out, F8 (Flyball, 8RXD)
Runner from 2nd tags up, SAFE at 3rd, no throw
Batting: LHB Emílio Barbán 0-0: Called Strike
0-1: Ball
1-1: Foul Ball, location: 2F
1-2: Ball
2-2: Ball
3-2: SINGLE (Line Drive, 34)
Héctor Cortéz scores
Enrique Fuentes to second
Runner from 2nd tries for 3rd, SAFE, throw made to third
Batting: LHB Min-heui Im 0-0: Ball
1-0: Swinging Strike
1-1: Ball
2-1: SINGLE (Groundball, 34D)
Enrique Fuentes scores
Emílio Barbán to second
Runner from 2nd tries for 3rd, SAFE, throw made to third
Batting: RHB Danny Walsh 0-0: Grounds into double play, 1-6-3 (Groundball, 13)
Bottom of the 1st over - 3 run(s), 4 hit(s), 0 error(s), 1 left on base; Buckhead 0 - Vancouver 3
TOP OF THE 2ND
Buckhead Bowties batting - Pitching for Vancouver Grey Wolves : RHP George Frazier
Batting: LHB Gregg Young 0-0: Ball
1-0: Foul Ball, location: 2F
1-1: Called Strike
1-2: Ball
2-2: SINGLE (Groundball, 34D)
Batting: LHB Tony Martínez 0-0: Ball
1-0: Foul Ball, location: 2F
1-1: Fly out, F6 (Popup, 8LS)
Batting: LHB Mysterious Walker 0-0: Ball
1-0: SINGLE (Groundball, 34S)
Gregg Young to second
Throwing error, E9
Gregg Young scores
Mysterious Walker to second
Batting: RHB Greg Robinson 0-0: Ball
1-0: Foul Ball, location: 2F
1-1: Ball
2-1: Ground out 6-3 (Groundball, 6)
Batting: RHB Won-min Yi 0-0: Swinging Strike
0-1: Swinging Strike
0-2: Ball
1-2: Ball
2-2: Ball
3-2: Ground out 5-3 (Groundball, 5)
Top of the 2nd over - 1 run(s), 2 hit(s), 1 error(s), 1 left on base; Buckhead 1 - Vancouver 3
BOTTOM OF THE 2ND
Vancouver Grey Wolves batting - Pitching for Buckhead Bowties : LHP Manuel Rojas
Batting: LHB Timmy Appeldoorn 0-0: Fly out, F2 (Popup, 25F)
Batting: RHB Darren Tomlinson 0-0: Called Strike
0-1: Foul Ball, location: 2F
0-2: Ball
1-2: Ball
2-2: Foul Ball, location: 2F
2-2: Strikes out swinging
Batting: SHB Gregg Wagner 0-0: Fly out, F9 (Popup, 4D)
Bottom of the 2nd over - 0 run(s), 0 hit(s), 0 error(s), 0 left on base; Buckhead 1 - Vancouver 3
TOP OF THE 3RD
Buckhead Bowties batting - Pitching for Vancouver Grey Wolves : RHP George Frazier
Batting: RHB Gabriel Rodríguez 0-0: Ground out 1-3 (Groundball, 13)
Batting: RHB Enrique Marroquín 0-0: Ball
1-0: Swinging Strike
1-1: Ball
2-1: Fly out, F3 (Popup, 3DF)
Batting: LHB Neil Lawson 0-0: Swinging Strike
0-1: Ball
1-1: Ball
2-1: Foul Ball, location: 2F
2-2: Foul Ball, location: 2F
2-2: Ball
3-2: Base on Balls
Batting: RHB Mike Brown 0-0: Swinging Strike
0-1: Called Strike
0-2: Strikes out swinging
Top of the 3rd over - 0 run(s), 0 hit(s), 0 error(s), 1 left on base; Buckhead 1 - Vancouver 3
BOTTOM OF THE 3RD
Vancouver Grey Wolves batting - Pitching for Buckhead Bowties : LHP Manuel Rojas
Batting: LHB Héctor Cortéz 0-0: Called Strike
0-1: Foul Ball, location: 2F
0-2: Ground out 4-3 (Groundball, 4MD)
Batting: RHB Enrique Fuentes 0-0: Ball
1-0: Ball
2-0: Ball
3-0: Base on Balls
Batting: LHB José Alonso 0-0: Ball
1-0: Grounds into double play, 4-6-3 (Groundball, 34)
Bottom of the 3rd over - 0 run(s), 0 hit(s), 0 error(s), 0 left on base; Buckhead 1 - Vancouver 3
TOP OF THE 4TH
Buckhead Bowties batting - Pitching for Vancouver Grey Wolves : RHP George Frazier
Batting: LHB Gregg Young 0-0: Swinging Strike
0-1: Fly out, F4 (Popup, 4)
Batting: LHB Tony Martínez 0-0: Ball
1-0: Ball
2-0: SINGLE (Line Drive, 8LS)
Batting: LHB Mysterious Walker 0-0: Ground out 4-3 (Groundball, 4M)
Tony Martínez to second
Batting: RHB Greg Robinson 0-0: Ball
1-0: Foul Ball, location: 2F
1-1: Swinging Strike
1-2: Ball
2-2: Ground out 5-3 (Groundball, 56)
Top of the 4th over - 0 run(s), 1 hit(s), 0 error(s), 1 left on base; Buckhead 1 - Vancouver 3
BOTTOM OF THE 4TH
Vancouver Grey Wolves batting - Pitching for Buckhead Bowties : LHP Manuel Rojas
Batting: LHB Emílio Barbán 0-0: Foul Ball, location: 2F
0-1: Foul Ball, location: 2F
0-2: Ball
1-2: Foul Ball, location: 2F
1-2: SINGLE (Groundball, 4MD)
Batting: LHB Min-heui Im 0-0: Ball
1-0: Called Strike
1-1: Ground out 4-3 (Groundball, 4M)
Emílio Barbán to second
Batting: RHB Danny Walsh 0-0: Called Strike
0-1: Ball
1-1: Ball
2-1: Foul Ball, location: 2F
2-2: SINGLE (Groundball, 56D)
Emílio Barbán to third
Batting: LHB Timmy Appeldoorn 0-0: Called Strike
0-1: Called Strike
0-2: SINGLE (Line Drive, 89S)
Emílio Barbán scores
Danny Walsh to second
Batting: RHB Darren Tomlinson 0-0: Called Strike
0-1: Called Strike
0-2: Ball
1-2: Ball
2-2: Ball
3-2: Strikes out looking
Batting: SHB Gregg Wagner 0-0: Called Strike
0-1: Fly out, F8 (Flyball, 8LS)
Bottom of the 4th over - 1 run(s), 3 hit(s), 0 error(s), 2 left on base; Buckhead 1 - Vancouver 4
TOP OF THE 5TH
Buckhead Bowties batting - Pitching for Vancouver Grey Wolves : RHP George Frazier
Batting: RHB Won-min Yi 0-0: SOLO HOME RUN (Flyball, 78XD), Distance : 393 ft
Batting: RHB Gabriel Rodríguez 0-0: Ball
1-0: Ball
2-0: Ball
3-0: Called Strike
3-1: Base on Balls
Batting: RHB Enrique Marroquín 0-0: Ball
1-0: Ball
2-0: Ball
3-0: Called Strike
3-1: SINGLE (Line Drive, 7S)
Gabriel Rodríguez to second
Batting: LHB Neil Lawson 0-0: Ground out 3-1 (Groundball, 34S)
Gabriel Rodríguez to third
Enrique Marroquín to second
Batting: RHB Mike Brown 0-0: Ball
1-0: Fly out, F7 (Flyball, 78S)
Batting: LHB Gregg Young 0-0: Ball
1-0: Foul Ball, location: 2F
1-1: Called Strike
1-2: Foul Ball, location: 2F
1-2: Foul Ball, location: 2F
1-2: Strikes out swinging
Top of the 5th over - 1 run(s), 2 hit(s), 0 error(s), 2 left on base; Buckhead 2 - Vancouver 4
BOTTOM OF THE 5TH
Vancouver Grey Wolves batting - Pitching for Buckhead Bowties : LHP Manuel Rojas
Batting: LHB Héctor Cortéz 0-0: Ball
1-0: Foul Ball, location: 2F
1-1: Ball
2-1: Swinging Strike
2-2: Strikes out swinging
Batting: RHB Enrique Fuentes 0-0: Ball
1-0: Ball
2-0: Ball
3-0: Base on Balls
Batting: LHB José Alonso 0-0: Fielders Choice at 2nd, 4-6 (Groundball, 4)
Batting: LHB Emílio Barbán 0-0: Swinging Strike
0-1: Foul Ball, location: 2F
0-2: Ball
1-2: SINGLE (Line Drive, 56)
José Alonso to second
Batting: LHB Min-heui Im 0-0: Ball
1-0: Foul Ball, location: 2F
1-1: Fly out, F9 (Flyball, 9M)
Bottom of the 5th over - 0 run(s), 1 hit(s), 0 error(s), 2 left on base; Buckhead 2 - Vancouver 4
TOP OF THE 6TH
Buckhead Bowties batting - Pitching for Vancouver Grey Wolves : RHP George Frazier
Batting: LHB Tony Martínez 0-0: Ground out U3 (Groundball, 3S)
Batting: LHB Mysterious Walker 0-0: Ball
1-0: Called Strike
1-1: Ball
2-1: SINGLE (Groundball, 34)
Batting: RHB Greg Robinson 0-0: Foul Ball, location: 2F
0-1: Ball
1-1: Ball
2-1: Swinging Strike
2-2: Foul Ball, location: 2F
2-2: Strikes out looking
Batting: RHB Won-min Yi 0-0: Ball
1-0: Called Strike
1-1: Called Strike
1-2: Ball
2-2: Foul Ball, location: 2F
2-2: Strikes out swinging
Top of the 6th over - 0 run(s), 1 hit(s), 0 error(s), 1 left on base; Buckhead 2 - Vancouver 4
BOTTOM OF THE 6TH
Vancouver Grey Wolves batting - Pitching for Buckhead Bowties : LHP Manuel Rojas
Batting: RHB Danny Walsh 0-0: Ball
1-0: Ball
2-0: Called Strike
2-1: Ball
3-1: Base on Balls
Batting: LHB Timmy Appeldoorn 0-0: Called Strike
0-1: Foul Ball, location: 2F
0-2: Ball
1-2: Foul Ball, location: 2F
1-2: Ball
2-2: Strikes out swinging
Batting: RHB Darren Tomlinson 0-0: Called Strike
0-1: Grounds into double play, 3-6-3 (Groundball, 3)
Bottom of the 6th over - 0 run(s), 0 hit(s), 0 error(s), 0 left on base; Buckhead 2 - Vancouver 4
TOP OF THE 7TH
Buckhead Bowties batting - Pitching for Vancouver Grey Wolves : RHP George Frazier
Batting: RHB Gabriel Rodríguez 0-0: Foul Ball, location: 2F
0-1: Foul Ball, location: 2F
0-2: Foul Ball, location: 2F
0-2: Ball
1-2: Ball
2-2: Ground out 5-3 (Groundball, 5)
Batting: RHB Enrique Marroquín 0-0: Ball
1-0: Called Strike
1-1: Foul Ball, location: 2F
1-2: Ball
2-2: Ground out 4-3 (Groundball, 34)
Batting: LHB Neil Lawson 0-0: Ball
1-0: Called Strike
1-1: Ball
2-1: Called Strike
2-2: Ground out 6-3 (Groundball, 4M)
Top of the 7th over - 0 run(s), 0 hit(s), 0 error(s), 0 left on base; Buckhead 2 - Vancouver 4
BOTTOM OF THE 7TH
Vancouver Grey Wolves batting - Pitching for Buckhead Bowties : LHP Manuel Rojas
Batting: SHB Gregg Wagner 0-0: Fly out, F7 (Flyball, 78XD)
Batting: LHB Héctor Cortéz 0-0: Swinging Strike
0-1: Called Strike
0-2: Ground out 3-1 (Groundball, 34)
Batting: RHB Enrique Fuentes 0-0: Ball
1-0: Foul Ball, location: 2F
1-1: Ground out 5-3 (Groundball, 5L)
Bottom of the 7th over - 0 run(s), 0 hit(s), 0 error(s), 0 left on base; Buckhead 2 - Vancouver 4
TOP OF THE 8TH
Buckhead Bowties batting - Pitching for Vancouver Grey Wolves : RHP George Frazier
Pitching: LHP Kevin Woods
Batting: RHB Mike Brown 0-0: Ball
1-0: Called Strike
1-1: Ball
2-1: Ball
3-1: Foul Ball, location: 2F
3-2: Ground out 6-3 (Groundball, 6M)
Batting: LHB Gregg Young 0-0: Called Strike
0-1: Ball
1-1: Swinging Strike
1-2: Ball
2-2: SINGLE (Groundball, 5D)
Batting: LHB Tony Martínez 0-0: Ball
1-0: Called Strike
1-1: Ball
2-1: SINGLE (Groundball, 4MD)
Gregg Young to second
Pinch Hitting: RHB Joe Andrews 0-0: Called Strike
0-1: Ball
1-1: Foul Ball, location: 2F
1-2: Strikes out swinging
Pitching: RHP Burt Booth
Batting: RHB Greg Robinson 0-0: Fly out, F2 (Popup, 2RF)
Top of the 8th over - 0 run(s), 2 hit(s), 0 error(s), 2 left on base; Buckhead 2 - Vancouver 4
BOTTOM OF THE 8TH
Vancouver Grey Wolves batting - Pitching for Buckhead Bowties : LHP Manuel Rojas
Now in CF: Harrison Jones
Batting: LHB José Alonso 0-0: Ball
1-0: Foul Ball, location: 2F
1-1: Called Strike
1-2: DOUBLE (Groundball, 3L)
Batting: LHB Emílio Barbán 0-0: Foul Ball, location: 2F
0-1: Foul Ball, location: 2F
0-2: Ground out U3 (Groundball, 3S)
José Alonso to third
Batting: LHB Min-heui Im 0-0: Ball
1-0: Fly out, F6 (Line Drive, 6M)
Pitching: RHP Kyle Buckman
Batting: RHB Danny Walsh 0-0: Foul Ball, location: 2F
0-1: Ball
1-1: Foul Ball, location: 2F
1-2: Ball
2-2: Foul Ball, location: 2F
2-2: Fly out, F8 (Flyball, 8RS)
Bottom of the 8th over - 0 run(s), 1 hit(s), 0 error(s), 1 left on base; Buckhead 2 - Vancouver 4
TOP OF THE 9TH
Buckhead Bowties batting - Pitching for Vancouver Grey Wolves : RHP Burt Booth
Pitching: RHP David Hudson
Batting: RHB Won-min Yi 0-0: Ball
1-0: Called Strike
1-1: Fly out, F9 (Flyball, 9M)
Batting: RHB Gabriel Rodríguez 0-0: Called Strike
0-1: Ball
1-1: Called Strike
1-2: Strikes out looking
Batting: RHB Enrique Marroquín 0-0: Called Strike
0-1: DOUBLE (Line Drive, 9LS)
Batting: LHB Neil Lawson 0-0: Swinging Strike
0-1: Foul Ball, location: 2F
0-2: Foul Ball, location: 2F
0-2: Ball
1-2: Ball
2-2: Strikes out swinging
Top of the 9th over - 0 run(s), 1 hit(s), 0 error(s), 1 left on base; Buckhead 2 - Vancouver 4
This league is powered by Out of the Park Baseball, the baseball management simulation game for PC, Mac and Linux
Monday, October 3rd, 2016 - OOTP Baseball 16.9 Build 39